 Dungeon Crawl Stone Soup version 0.32-a0-172-gc5dd13f2a7 (webtiles) character file.

Game seed: 10794262017318579238

1109 jasper the Skirmisher (level 8, -15/42 HPs)
             Began as a Deep Elf Hexslinger on Feb 12, 2024.
             Was an Initiate of Hepliaklqana.
             Killed by divine providence
             ... invoked by an orc priest
              (16 damage)
             ... on level 7 of the Dungeon.
             The game lasted 00:10:57 (4569 turns).

jasper the Skirmisher (Deep Elf Hexslinger)         Turns: 4569, Time: 00:10:58

Health: -15/42     AC:  4    Str:  3 (5)  XL:     8   Next: 11%
Magic:  10/12      EV: 12    Int: 20 (21) God:    Hepliaklqana [......]
Gold:   293        SH:  0    Dex: 16 (17) Spells: 1/10 levels left

rFire   . . .        a - +1 sling
rCold   . . .        (no shield)
rNeg    . . .        c - +0 robe
rPois   .            f - +0 helmet
rElec   .            (no cloak)
rCorr   .            (no gloves)
SInv    .            q - +0 pair of boots
Will    .....        e - amulet of reflection
Stlth   +            (no ring)
HPRegen 0.27/turn    (no ring)
MPRegen 0.13/turn

%: reflection
@: confused, lethally poisoned (-15 -> -32), weak-willed
A: no striking features
a: Renounce Religion


You were on level 7 of the Dungeon.
You worshipped Hepliaklqana.
Hepliaklqana was noncommittal.
You visited 2 branches of the dungeon, and saw 8 of its levels.
You also visited: Sewer.

You collected 293 gold pieces.

Inventory:

Hand Weapons
 a - a +1 sling (weapon)
 h - a +2 trident of venom
Missiles
 l - a curare-tipped dart
Armour
 c - a +0 robe (worn)
 f - a +0 helmet (worn)
 q - a +0 pair of boots (worn)
Jewellery
 e - an amulet of reflection (around neck)
Scrolls
 g - 2 scrolls of fear
 p - 2 scrolls of teleportation {unknown}
 r - a scroll of enchant armour {unknown}
Potions
 d - a potion of brilliance {unknown}
 i - a potion of lignification {unknown}
 j - a potion of attraction
 k - a potion of mutation {unknown}
 n - 2 potions of enlightenment
 o - a potion of degeneration


   Skills:
 - Level 0.7 Fighting
 + Level 12.6 Ranged Weapons
 - Level 2.4 Dodging
 - Level 1.5 Spellcasting
 - Level 4.0 Hexes
 - Level 1.1 Fire Magic


You had one spell level left.
You knew the following spells:

 Your Spells              Type           Power      Damage    Failure   Level
a - Jinxbite              Hex            34%        N/A       4%          2
b - Inner Flame           Hex/Fire       11%        N/A       17%         3
c - Dimensional Bullseye  Hex/Tloc       4%         N/A       58%         4

Your spell library contained the following spells:

 Spells                   Type           Power      Damage    Failure   Level
 Freeze                   Ice            4%         1d3       17%         1
 Sigil of Binding         Hex            17%        N/A       10%         3
 Cause Fear               Hex            8%         N/A       32%         4
 Call Canine Familiar     Summ           1%         N/A       45%         3
 Frozen Ramparts          Ice            2%         1d1       45%         3
 Hailstorm                Conj/Ice       1%         3d5       45%         3
 Summon Ice Beast         Ice/Summ       1%         N/A       45%         3
 Summon Mana Viper        Hex/Summ       9%         N/A       90%         5
 Monstrous Menagerie      Summ           0%         N/A       100%        7


Dungeon Overview and Level Annotations

Branches:
Dungeon (7/15)             Temple (1/1) D:5           Sewer (visited)

Altars:
Ashenzari
Dithmenos
Fedhas
Gozag
Hepliaklqana
Kikubaaqudgha
Makhleb
Nemelex Xobeh
Ru
Sif Muna
Trog
Uskayaw
Vehumet
Wu Jian
Xom
Yredelemnul
Zin
The Shining One

Shops:
D:5 =

Annotations:
D:6 Dowan


Message History

There is nobody nearby that the sprites are interested in.
Casting: Jinxbite (safe; 4% risk of failure)
Confirm with . or Enter, or press ? or * to list all spells.
There is nobody nearby that the sprites are interested in.
You shoot a sling bullet. You shoot a sling bullet. You shoot a sling bullet.
You shoot a sling bullet.
You hear some strange, mumbled words.
You are confused.
You shoot a sling bullet.
An orc comes into view. It is wielding a +0 trident.
You are engulfed in poison gas.
You are poisoned.
You feel very sick.
The orc shouts!
Something hits you.
An orc comes into view.
It is wielding a +0 club and wearing a +0 ring mail of cold resistance.
Things that are here:
a +0 whip; a +0 leather armour You take 15 damage, and have 17/42 hp.
MASSIVE DAMAGE!!
You bump into the rock wall.
You are engulfed in poison gas.
You are lethally poisoned!
* * * LOW HITPOINT WARNING * * *
You feel extremely sick. Something hits you.
* * * LOW HITPOINT WARNING * * *
An orc wizard comes into view. It is wielding a +0 dagger.
An orc priest comes into view. It is wielding a +0 dagger.
You take 11 damage, and have 6/42 hp.
MASSIVE DAMAGE!!
It was a potion of degeneration.
There was something very wrong with that liquid.
You feel weakened.
You feel dopey.
You feel clumsy.
* * * LOW HITPOINT WARNING * * *
You feel very sick.
The orc priest shouts!
The orc wizard shouts!
Something hits you but does no damage.
The orc priest invokes the aid of Beogh against you.
Beogh smites you!
You die...
Hepliaklqana delivers you to your ancestors.

#.# #.#
#.# #.#
#)# #)#
#.# #.#
#@# #{#
#.$ #.○.
#○o°.
○.o°..
#)o°○..
o.......


You could see an orc priest, an orc wizard and 2 orcs.

Vanquished Creatures
  Edmund (D:4)
  An ice beast (D:5)
  An ogre (D:5)
  2 kobold brigands (Sewer)
  A scorpion (D:6)
  A howler monkey (D:4)
  A bombardier beetle (D:5)
  3 hounds (D:5)
  A jelly (D:5)
  2 orc priests
  A gnoll bouda (D:7)
  2 sleepcaps
  Terence (D:2)
  An orc wizard (D:3)
  An iguana (D:5)
  6 gnolls
  5 adders
  A dart slug (D:4)
  10 orcs
  6 bats
  6 endoplasms
  8 goblins
  7 hobgoblins
  5 jackals
  13 kobolds
  3 quokkas
  5 ball pythons
  A frilled lizard (D:3)
  9 rats
105 creatures vanquished.

Notes
Turn   | Place    | Note
-------+----------+-------------------------------------------
     0 | D:1      | jasper the Deep Elf Hexslinger began the quest for the Orb.
     0 | D:1      | Reached XP level 1. HP: 11/11 MP: 5/5
    23 | D:1      | Reached skill level 3 in Ranged Weapons
   274 | D:1      | Reached XP level 2. HP: 16/16 MP: 6/6
   392 | D:1      | Reached skill level 4 in Ranged Weapons
   486 | D:1      | Learned a level 2 spell: Jinxbite
   589 | D:1      | Found a faded altar of an unknown god.
   916 | D:2      | Reached XP level 3. HP: 20/20 MP: 4/7
   963 | D:2      | Noticed Terence
   972 | D:2      | Killed Terence
   973 | D:2      | Reached skill level 5 in Ranged Weapons
  1110 | D:2      | Found a sparkling altar of Nemelex Xobeh.
  1364 | D:2      | Reached XP level 4. HP: 24/24 MP: 5/8
  1765 | D:3      | Reached skill level 6 in Ranged Weapons
  1853 | D:3      | Reached skill level 7 in Ranged Weapons
  1853 | D:3      | Reached XP level 5. HP: 18/28 MP: 5/9
  1886 | D:3      | Learned a level 3 spell: Inner Flame
  2371 | D:3      | Found a glowing drain.
  2376 | Sewer    | Entered a sewer
  2461 | Sewer    | Reached skill level 8 in Ranged Weapons
  2461 | Sewer    | Reached XP level 6. HP: 33/33 MP: 7/10
  2465 | Sewer    | Reached skill level 9 in Ranged Weapons
  2538 | Sewer    | Found a white marble altar of Elyvilon.
  3200 | D:4      | Noticed Edmund
  3229 | D:4      | Killed Edmund
  3230 | D:4      | Reached skill level 10 in Ranged Weapons
  3230 | D:4      | Reached XP level 7. HP: 21/37 MP: 5/11
  3548 | D:5      | Entered Level 5 of the Dungeon
  3631 | D:5      | Found a staircase to the Ecumenical Temple.
  3658 | Temple   | Entered the Ecumenical Temple
  3661 | Temple   | Became a worshipper of Hepliaklqana the Forgotten
  3829 | D:5      | Reached skill level 11 in Ranged Weapons
  4037 | D:5      | Found Douhag's Jewellery Shop.
  4159 | D:5      | Reached skill level 12 in Ranged Weapons
  4406 | D:6      | Reached XP level 8. HP: 42/42 MP: 9/12
  4411 | D:6      | Learned a level 4 spell: Dimensional Bullseye
  4436 | D:6      | Noticed Dowan
  4569 | D:7      | HP: 1/42 [poisoned by you (poison gas)]
  4569 | D:7      | Killed from afar by an orc priest

Illustrated notes

Levels and vault maps discovered:
D:1:      onia_arrival_pyramid, layout_basic,
          shapermc_ecumenical_altar_notcrosses, hex_intersection,
          kennysheep_nondescript
D:2:      layout_loops_ring, basic_altar, uniq_terence
D:3:      layout_rooms, portal_sewer_entry_e, kennysheep_big_empty_room,
          corner_web_ring
D:4:      nicolae_cairo_tiling_large_dashed, layout_basic, uniq_edmund
D:5:      layout_basic, minmay_temple_entry_antechambers, serial_shops,
          nicolae_shop_gaudy_bauble, due_unseen_surprise
D:6:      layout_gridville, lemuel_coloured_pillars_altar, uniq_duvessa
D:7:      layout_basic, nicolae_qazlal_scattered_showers,
          mainiacjoe_overflow_cross_hatched, enter_bailey_5
Temple:   dpeg_three_leaves_temple

Skill      XL: |  1  2  3  4  5  6  7 |
---------------+----------------------+-----
Ranged Weapons | 3 4 5 7 8 10 12 | 12.6
Fighting       | |  0.7
Dodging        | |  2.4
Spellcasting   | |  1.5
Hexes          | |  4.0
Fire Magic     | |  1.1

Action                     |  1- 3 |  4- 6 |  7- 9 || total
---------------------------+-------+-------+-------++-------
   Fire: Sling             |    75 |   154 |   106 ||   335
   Cast: Jinxbite          |     4 |    33 |    19 ||    56
    Use: Scroll            |       |     6 |     1 ||     7
         Potion            |       |       |     5 ||     5
 Armour: Robe              |     4 |    17 |    26 ||    47
  Dodge: Dodged            |    11 |    20 |    17 ||    48
  Block: Other             |       |     3 |    10 ||    13
         Reflection        |       |     2 |       ||     2

Table legend: (Time is in decaauts)
 A = Elapsed time spent in this place.
 B = Non-inter-level travel time spent in this place.
 C = Inter-level travel time spent in this place.
 D = Time resting spent in this place.
 E = Time spent auto-exploring this place.
 F = Levels seen in this place.
 G = Mean time per level.
                   A        B        C        D        E       F      G
               +--------+--------+--------+--------+--------+-----+--------+
         Total |   4591 |   4494 |     97 |    236 |   3523 |   9 |  510.1 |
       Dungeon |   4350 |   4255 |     95 |    236 |   3365 |   7 |  621.4 |
        Temple |      6 |      4 |      2 |      0 |      0 |   1 |    6.0 |
         Sewer |    234 |    234 |      0 |      0 |    157 |   1 |  234.0 |
               +--------+--------+--------+--------+--------+-----+--------+

Top non-repeatable levels by time:
     D:2: 977 daAuts
     D:4: 905 daAuts
     D:1: 861 daAuts
     D:5: 817 daAuts
     D:3: 614 daAuts
   Sewer: 234 daAuts
     D:7: 94 daAuts
     D:6: 80 daAuts
  Temple: 6 daAuts
